 Dungeon Crawl Stone Soup version 0.18.1-50-g88ac8fd (webtiles) character file.

1278 Gargoyl the Ruffian (level 8, -2/86 HPs)
             Began as a Troll Monk on Oct 9, 2016.
             Was an Elder of Okawaru.
             Slain by an orc warrior
             ... wielding a +0 hand axe
              (5 damage)
             ... on level 6 of the Dungeon.
             The game lasted 00:11:38 (4093 turns).

Gargoyl the Ruffian (Troll Monk)                    Turns: 4093, Time: 00:11:39

Health: -2/86      AC:  9    Str: 22    XL:     8   Next: 29%
Magic:  7/7        EV: 12    Int:  6    God:    Okawaru [****..]
Gold:   255        SH:  3    Dex: 12    Spells: 0 memorised, 7 levels left

rFire  . . .     SeeInvis .       - Unarmed
rCold  . . .     Gourm    +     a - +1 robe
rNeg   . . .     Faith    .     (no shield)
rPois  .         Spirit   .     (helmet restricted)
rElec  .         Dismiss  .     g - +0 cloak
rCorr  .         Reflect  +     (gloves unavailable)
SustAt .         Harm     .     (boots unavailable)
MR     .....                    o - +3 amulet of reflection
Stlth  ++........               (no ring)
                                (no ring)

@: not resistant to hostile enchantments, unstealthy
A: unfitting armour, claws 3, yellow scales 1, blurry vision 1, fast metabolism
3, gourmand, regeneration 2, robust 1, shaggy fur 1, tough skin 2
a: Heroism, Renounce Religion


You were on level 6 of the Dungeon.
You worshipped Okawaru.
Okawaru was greatly pleased with you.
You were very full.

You visited 1 branch of the dungeon, and saw 6 of its levels.

You collected 255 gold pieces.

Inventory:

Hand Weapons
 e - a +0 whip of electrocution
Missiles
 u - 5 poisoned tomahawks (quivered)
Armour
 a - a +1 robe (worn)
 g - a +0 cloak (worn)
Jewellery
 o - a +3 amulet of reflection (around neck)
Wands
 l - a wand of acid (6/15)
 n - a wand of digging (11/24)
 t - a wand of flame (28/48)
Scrolls
 d - 4 scrolls of identify
 i - a scroll of magic mapping
 k - a scroll of fear {unknown}
 s - 2 scrolls of remove curse
Potions
 c - a potion of brilliance
 f - a potion of lignification
 r - a potion of magic
Books
 p - a book of Spatial Translocations

   Spells                             Type                      Level
   a - Apportation                    Translocation                1
   b - Blink                          Translocation                2
   c - Shroud of Golubria             Charms/Translocation         2
   d - Portal Projectile              Translocation                3
   e - Teleport Other                 Translocation                3
   f - Passage of Golubria            Translocation                4
Comestibles
 b - 3 bread rations
 h - a beef jerky
 j - a fruit
 m - a slice of pizza
 q - a meat ration


   Skills:
 + Level 4.3 Fighting
 + Level 6.0 Dodging
 + Level 2.5 Stealth
 + Level 6.4 Unarmed Combat
 + Level 0.3 Invocations


You had 7 spell levels left.
You didn't know any spells.

Dungeon Overview and Level Annotations

Branches:
Dungeon (6/15)
 Temple: D:4-7

Altars:
Ashenzari
Cheibriados
Dithmenos
Nemelex Xobeh
Okawaru
Pakellas
Vehumet
Xom


Innate Abilities, Weirdness & Mutations

You are too large for most types of armour.
You have claws for hands.
Your metabolism is lightning-fast.
You like to eat raw meat.
You heal very quickly.
You are covered in fur (AC +1).
You have very tough skin (AC +2).
You are partially covered in yellow scales (AC +2).
Scrolls take you a little longer to read.
You are robust (+10% HP).


Message History

The orc priest is almost dead.
The giant cockroach bites you but does no damage.
The orc warrior hits you with a hand axe!
The orc hits you but does no damage. The orc priest closely misses you.
The orc priest hits you but does no damage.
The giant cockroach bites you but does no damage.
You closely miss the orc priest.
The orc priest is almost dead.
The orc warrior hits you from afar with a halberd!
The orc warrior barely misses you. The orc hits you but does no damage.
The orc priest closely misses you.
The giant cockroach bites you but does no damage.
Unknown command.
You closely miss the orc priest.
The orc priest is almost dead.
The orc priest hits you with a whip.
The orc warrior hits you from afar with a halberd!!
* * * LOW HITPOINT WARNING * * *
The orc warrior hits you with a hand axe.
You die...

..............
........###...######
........#...........
........#.#...#####.
#+####......#.#.......#.
............#.#.#####.##
............#.#.#
............#.#.#
......o@o...#.#.#### .
#.####oos)........... ..
....ooo...............
......(...(..........
......######.........
...... #......... .>....
#......... ......
#......... ..( #........


You could see 2 orc warriors, 2 orc priests, 3 orcs and a giant cockroach.

Vanquished Creatures
  Pikel (D:5)
  A sky beast (D:5)
  An ogre (D:5)
  A centaur (D:5)
  A giant frog (D:6)
  A scorpion (D:5)
  A crimson imp (D:5)
  A jelly (D:5)
  3 orc wizards (D:5)
  Ijyb (D:3)
  An iguana (D:5)
  A killer bee zombie (D:5)
  A hound skeleton (D:4)
  4 gnolls (D:5)
  7 adders
  2 worms (D:2)
  4 dart slugs
  3 giant geckos
  22 orcs
  3 bats
  3 giant cockroaches
  7 goblins
  3 hobgoblins
  13 jackals
  A kobold (D:2)
  A quokka (D:3)
  3 ball pythons (D:3)
  3 giant newts
  38 rats
132 creatures vanquished.

Notes
Turn   | Place    | Note
--------------------------------------------------------------
     0 | D:1      | Gargoyl the Troll Monk began the quest for the Orb.
     0 | D:1      | Reached XP level 1. HP: 22/22 MP: 0/0
    85 | D:1      | Found an iron altar of Okawaru.
   104 | D:1      | Became a worshipper of Warmaster Okawaru
   104 | D:1      | Reached * piety under Okawaru
   104 | D:1      | Reached ** piety under Okawaru
   181 | D:1      | Reached XP level 2. HP: 29/29 MP: 1/1
   556 | D:2      | You fall through a shaft for 2 floors!
   786 | D:3      | Reached XP level 3. HP: 36/36 MP: 2/2
  1358 | D:3      | Noticed Ijyb
  1370 | D:3      | Killed Ijyb
  1370 | D:3      | Reached XP level 4. HP: 40/44 MP: 3/3
  1395 | D:3      | Reached skill level 5 in Unarmed Combat
  1516 | D:2      | Found a shattered altar of Ashenzari.
  1591 | D:2      | Found a snail-covered altar of Cheibriados.
  2550 | D:4      | Reached XP level 5. HP: 51/52 MP: 4/4
  2898 | D:4      | Found a shadowy altar of Dithmenos.
  2899 | D:4      | Found an oddly glowing altar of Pakellas.
  3056 | D:5      | Entered Level 5 of the Dungeon
  3056 | D:5      | Noticed a centaur
  3063 | D:5      | Killed a centaur
  3065 | D:5      | Reached XP level 6. HP: 41/61 MP: 5/5
  3137 | D:5      | Reached *** piety under Okawaru
  3255 | D:5      | Noticed a sky beast
  3270 | D:5      | Killed a sky beast
  3270 | D:5      | Reached XP level 7. HP: 28/67 MP: 6/6
  3563 | D:5      | Found a sparkling altar of Nemelex Xobeh.
  3590 | D:5      | Found a radiant altar of Vehumet.
  3663 | D:5      | Noticed Pikel
  3692 | D:5      | Gained mutation: Scrolls take you a little longer to read. [potion of mutation]
  3692 | D:5      | Gained mutation: You are partially covered in yellow scales (AC +2). [potion of mutation]
  3692 | D:5      | Gained mutation: You are robust (+10% HP). [potion of mutation]
  3697 | D:5      | Killed Pikel
  3697 | D:5      | Reached **** piety under Okawaru
  3697 | D:5      | Reached skill level 5 in Dodging
  3697 | D:5      | Reached XP level 8. HP: 23/85 MP: 3/7
  4004 | D:5      | Found a shimmering altar of Xom.
  4093 | D:6      | HP: 3/86 [orc warrior/halberd (25)]
  4093 | D:6      | Slain by an orc warrior

Skill      XL: |  1  2  3  4  5  6  7  8 |
---------------+-------------------------+-----
Unarmed Combat | 5 6 |  6.4
Dodging        | 3 4 5 6 |  6.0
Fighting       | 3 4 |  4.3
Stealth        | 2 |  2.5
Invocations    | |  0.3

Action                   |  1- 3 |  4- 6 |  7- 9 || total
-------------------------+-------+-------+-------++-------
Melee: Unarmed           |   124 |   135 |    96 ||   355
       Punch             |     4 |     3 |     5 ||    12
Invok: Heroism           |       |       |     2 ||     2
  Use: Scroll            |       |     9 |     2 ||    11
       Potion            |       |       |     8 ||     8
 Stab: Sleeping          |     1 |     1 |       ||     2
  Eat: Chunk             |     5 |    26 |     6 ||    37
       Bread ration      |     1 |       |       ||     1
Armor: Robe              |    50 |    32 |    30 ||   112
       Skin              |       |       |     6 ||     6
Dodge: Dodged            |    68 |    68 |    62 ||   198
Block: Other             |       |    16 |    11 ||    27
